 Dungeon Crawl Stone Soup version 0.21-a0-536-gdbbf329 (webtiles) character file.

18 AverageBear the Cutter (level 2, 9/18 HPs)
             Began as a Deep Elf Fighter on Dec 14, 2017.
             Quit the game on level 1 of the Dungeon.
             The game lasted 00:02:07 (1676 turns).

AverageBear the Cutter (Deep Elf Fighter)           Turns: 1676, Time: 00:02:08

Health: 9/18       AC:  6    Str: 13    XL:     2   Next: 51%
Magic:  4/4        EV:  6    Int: 12    God:
Gold:   26         SH:  8    Dex: 14    Spells: 1/1 levels left

rFire    . . .     SeeInvis .   a - +0 rapier
rCold    . . .     Gourm    .   c - +0 shield
rNeg     . . .     Faith    .   b - +0 scale mail
rPois    .         Spirit   .   (no helmet)
rElec    .         Reflect  .   (no cloak)
rCorr    .         Harm     .   (no gloves)
MR       .....                  (no boots)
Stlth    ..........             i - amulet of inaccuracy (curse)
HPRegen  0.06/turn              (no ring)
MPRegen  0.09/turn              (no ring)

@: no status effects
A: no striking features
a: no special abilities


You were on level 1 of the Dungeon.
You were near starving.

You visited 1 branch of the dungeon, and saw 2 of its levels.

You collected 26 gold pieces.

Inventory:

Hand Weapons
 a - a +0 rapier (weapon)
Armour
 b - a +0 scale mail (worn)
 c - a +0 shield (worn)
Jewellery
 i - a cursed amulet of inaccuracy (around neck)
 j - an uncursed amulet of faith
Scrolls
 e - 2 scrolls of remove curse
 h - a scroll of enchant armour {unknown}
Potions
 d - a potion of might
 g - a potion of invisibility {unknown}
Comestibles
 f - a bread ration


   Skills:
 - Level 2.4 Fighting
 + Level 3.2 Short Blades
 - Level 2.4 Armour
 - Level 2.4 Shields


You had one spell level left.
You didn't know any spells.

Dungeon Overview and Level Annotations

Branches:
Dungeon (2/15)

Altars:
Ru
Yredelemnul


Message History

The crimson imp blinks!
Found a basalt altar of Yredelemnul.
The rat barely misses you. x2
You block the rat's attack.
The quokka bites you but does no damage.
The hobgoblin hits you but does no damage.
The crimson imp blinks!
You miss the crimson imp.
The quokka bites you but does no damage.
The hobgoblin hits you but does no damage.
The crimson imp barely misses you. You block the quokka's attack.
You block the crimson imp's attack. You block the crimson imp's attack.
The crimson imp hits you but does no damage.
The crimson imp blinks!
There is a stone staircase leading up here.
You block the hobgoblin's attack.
You climb upwards.
There is a stone staircase leading down here.
Are you sure you want to abandon this character and quit the game? (Confirm with "yes".)

#....####.............# #....#
#.#...#######.# ##....####.#...##
#.# .'....#.........# #.#
##...##.###.....# #.# #.....#.#
#.....# #.# #.###.#.###.....# #.#
#.#.............## #.#
................@# #.#
........######..g#####.#
###..................#.#
#.#..######..#.###.#.# #.##.#
#..#.# #.#.# ###.##.##
#..#.###.#.# ....##..#
#........#.#
....###.######.#.#####.##########
............#....................


You could see a hobgoblin.

Vanquished Creatures
  A dart slug (D:1)
  A giant cockroach (D:1)
  2 hobgoblins (D:1)
  3 jackals (D:1)
  2 quokkas (D:2)
  3 kobolds
  2 rats (D:1)
14 creatures vanquished.

Notes
Turn   | Place    | Note
-------+----------+-------------------------------------------
     0 | D:1      | AverageBear the Deep Elf Fighter began the quest for the Orb.
     0 | D:1      | Reached XP level 1. HP: 13/13 MP: 3/3
   192 | D:1      | Reached XP level 2. HP: 15/18 MP: 4/4
   485 | D:1      | Reached skill level 3 in Short Blades
  1164 | D:2      | Noticed a crimson imp
  1647 | D:2      | Found a sacrificial altar of Ru.
  1658 | D:2      | Found a basalt altar of Yredelemnul.
  1676 | D:1      | Quit the game

Vault maps used:
D:1:      nzn_arrival_water_spiral
D:2:      grunt_temple_overflow_open

Skill      XL: |  1  2 |
---------------+-------+-----
Short Blades   | 3 |  3.2
Fighting       | |  2.4
Armour         | |  2.4
Shields        | |  2.4

Action                   || total
-------------------------++-------
Melee: Rapier            ||   159
  Use: Scroll            ||     1
       Potion            ||     1
  Eat: Chunk             ||     1
Armor: Scale mail        ||    75
Dodge: Dodged            ||    42
Block: Shield            ||    62

Table legend:
 A = Spawn XP
 B = Non-spawn XP
 C = Spawn XP percentage of total XP
 D = Spawn monster count
 E = Non-spawn monster count
 F = Spawn count percentage of total count
 G = Total turns spent on level
                    A         B        C        D         E        F      G
               +---------+---------+-------+---------+---------+-------+---------
         Total |       0 |      27 |   0.0 |       0 |      14 |   0.0 |  1676
               +---------+---------+-------+---------+---------+-------+---------
           D:1 |       0 |      21 |   0.0 |       0 |      11 |   0.0 |  1230
           D:2 |       0 |       6 |   0.0 |       0 |       3 |   0.0 |   446
               +---------+---------+-------+---------+---------+-------+---------
